TOP OF THE 1ST |
Pocatello Boccabellas batting - Pitching for Springfield Stars : LHP Joaquín Gonzáles
|
Pitching: LHP Joaquín Gonzáles
|
|
Batting: RHB José Delgado
|
0-0: Swinging Strike 0-1: Called Strike 0-2: Ball 1-2: Ball 2-2: SINGLE (Line Drive, 6M)
|
Batting: LHB Norberto Muńóz
|
0-0: Foul Ball, location: 2F 0-1: Ball 1-1: Swinging Strike 1-2: Ball 2-2: Fielders Choice at 2nd, 1-6 (Groundball, 23)
|
Batting: RHB Marlon Phipps
|
0-0: Ball 1-0: Foul Ball, location: 2F 1-1: Ball 2-1: Called Strike 2-2: Foul Ball, location: 2F 2-2: Ball 3-2: Foul Ball, location: 2F 3-2: Base on Balls Norberto Muńóz to second
|
Batting: LHB Juan Cortés
|
0-0: Reached on error, E4 (Groundball, 4) Norberto Muńóz to third Marlon Phipps to second
|
Batting: RHB Francisco Sandoval
|
0-0: Ball 1-0: Ball 2-0: Ball 3-0: Base on Balls Norberto Muńóz scores Marlon Phipps to third Juan Cortés to second
|
Batting: RHB Pedro Guzmán
|
0-0: Ball 1-0: Ball 2-0: Ball 3-0: Called Strike 3-1: Called Strike 3-2: Fly out, F8 (Flyball, 8LXD) Runner from 3rd tags up, SCORES, no throw Juan Cortés to third
|
Batting: SHB Glenn Vadnais
|
0-0: Foul Ball, location: 2F 0-1: Called Strike 0-2: Ball 1-2: Strikes out looking
|
Top of the 1st over - 2 run(s), 1 hit(s), 1 error(s), 2 left on base; Pocatello 2 - Springfield 0 |
BOTTOM OF THE 1ST |
Springfield Stars batting - Pitching for Pocatello Boccabellas : RHP Kiyomitsu Fujii
|
Pitching: RHP Kiyomitsu Fujii
|
|
Batting: RHB Norberto Taváres
|
0-0: Called Strike 0-1: Foul Ball, location: 2F 0-2: Ball 1-2: Foul Ball, location: 2F 1-2: Ground out 5-3 (Groundball, 5)
|
Batting: RHB Calvin Bennett
|
0-0: Ball 1-0: Swinging Strike 1-1: Called Strike 1-2: Ball 2-2: Ball 3-2: Ground out 6-3 (Groundball, 6)
|
Batting: LHB Derek Davidson
|
0-0: Ball 1-0: Foul Ball, location: 2F 1-1: Foul Ball, location: 2F 1-2: Foul Ball, location: 2F 1-2: Foul Ball, location: 2F 1-2: Ground out 1-3 (Groundball, 13S)
|
Bottom of the 1st over - 0 run(s), 0 hit(s), 0 error(s), 0 left on base; Pocatello 2 - Springfield 0 |
TOP OF THE 2ND |
Pocatello Boccabellas batting - Pitching for Springfield Stars : LHP Joaquín Gonzáles
|
Batting: SHB Guillermo Ortíz
|
0-0: Ball 1-0: Ground out 5-3 (Groundball, 56S)
|
Batting: LHB Jim Jensen
|
0-0: Foul Ball, location: 2F 0-1: Ball 1-1: Foul Ball, location: 2F 1-2: Ball 2-2: DOUBLE (Flyball, 89XD)
|
Batting: RHB José Delgado
|
0-0: Ball 1-0: Ball 2-0: Ball 3-0: Called Strike 3-1: Foul Ball, location: 2F 3-2: Ground out 5-3 (Groundball, 5)
|
Pitching: LHP Jorge Aybar
|
|
Batting: LHB Norberto Muńóz
|
0-0: Ground out 3-1 (Groundball, 34S)
|
Top of the 2nd over - 0 run(s), 1 hit(s), 0 error(s), 1 left on base; Pocatello 2 - Springfield 0 |
BOTTOM OF THE 2ND |
Springfield Stars batting - Pitching for Pocatello Boccabellas : RHP Kiyomitsu Fujii
|
Batting: RHB Juan Rodríguez
|
0-0: Ball 1-0: SINGLE (Groundball, 4MD)
|
Batting: LHB Elliott Newell
|
0-0: Called Strike Balk! Juan Rodríguez to second 0-1: Ball 1-1: Ball 2-1: Swinging Strike 2-2: Ball 3-2: Base on Balls
|
Batting: RHB Juan Carlos Rodríguez
|
0-0: Foul Ball, location: 2F 0-1: Swinging Strike 0-2: Grounds into double play, 6-4-3 (Groundball, 6) Juan Rodríguez to third
|
Batting: SHB Shane Hutchinson
|
0-0: Called Strike 0-1: Swinging Strike 0-2: Ball 1-2: Strikes out swinging
|
Bottom of the 2nd over - 0 run(s), 1 hit(s), 0 error(s), 1 left on base; Pocatello 2 - Springfield 0 |
TOP OF THE 3RD |
Pocatello Boccabellas batting - Pitching for Springfield Stars : LHP Jorge Aybar
|
Batting: RHB Marlon Phipps
|
0-0: Ball 1-0: Called Strike 1-1: Fly out, F9 (Line Drive, 89S)
|
Batting: LHB Juan Cortés
|
0-0: Ball 1-0: Ball 2-0: SINGLE (Groundball, 56D)
|
Batting: RHB Francisco Sandoval
|
0-0: Called Strike 0-1: Ball 1-1: Called Strike 1-2: Ball 2-2: Ball 3-2: Strikes out looking
|
Batting: RHB Pedro Guzmán
|
0-0: Ball 1-0: Swinging Strike Pickoff Throw to First - Error! E1 Juan Cortés to second 1-1: Fly out, F8 (Flyball, 8LXD)
|
Top of the 3rd over - 0 run(s), 1 hit(s), 1 error(s), 1 left on base; Pocatello 2 - Springfield 0 |
BOTTOM OF THE 3RD |
Springfield Stars batting - Pitching for Pocatello Boccabellas : RHP Kiyomitsu Fujii
|
Batting: RHB Alberto Campos
|
0-0: Ball 1-0: Ball 2-0: Ball 3-0: Base on Balls
|
Batting: LHB Jesús Tobías
|
0-0: Foul Ball, location: 2F 0-1: Ball 1-1: Foul Ball, location: 2F 1-2: Fly out, F7 (Line Drive, 7M)
|
Batting: RHB Norberto Taváres
|
0-0: Foul Ball, location: 2F 0-1: Ball 1-1: Ball 2-1: Ball 3-1: Fielders Choice at 2nd, 6-4 (Groundball, 6M)
|
Batting: RHB Calvin Bennett
|
0-0: Called Strike Norberto Taváres is caught stealing 2nd base
|
Bottom of the 3rd over - 0 run(s), 0 hit(s), 0 error(s), 0 left on base; Pocatello 2 - Springfield 0 |
TOP OF THE 4TH |
Pocatello Boccabellas batting - Pitching for Springfield Stars : LHP Jorge Aybar
|
Batting: SHB Glenn Vadnais
|
0-0: Called Strike 0-1: Ball 1-1: Swinging Strike 1-2: Foul Ball, location: 2F 1-2: Foul Ball, location: 2F 1-2: Ball 2-2: Ground out 4-3 (Groundball, 34)
|
Batting: SHB Guillermo Ortíz
|
0-0: Ball 1-0: Swinging Strike 1-1: Called Strike 1-2: Foul Ball, location: 2F 1-2: Strikes out looking
|
Batting: LHB Jim Jensen
|
0-0: Called Strike 0-1: Ground out 3-1 (Groundball, 34)
|
Top of the 4th over - 0 run(s), 0 hit(s), 0 error(s), 0 left on base; Pocatello 2 - Springfield 0 |
BOTTOM OF THE 4TH |
Springfield Stars batting - Pitching for Pocatello Boccabellas : RHP Kiyomitsu Fujii
|
Batting: RHB Calvin Bennett
|
0-0: Swinging Strike 0-1: Foul Ball, location: 2F 0-2: Ball 1-2: Foul Ball, location: 2F 1-2: Ball 2-2: Foul Ball, location: 2F 2-2: Strikes out swinging
|
Batting: LHB Derek Davidson
|
0-0: Foul Ball, location: 2F 0-1: TRIPLE (Line Drive, 89D)
|
Batting: RHB Juan Rodríguez
|
0-0: Ball 1-0: Ball 2-0: Called Strike 2-1: Foul Ball, location: 2F 2-2: SINGLE (Groundball, 56) (infield hit) Derek Davidson scores
|
Batting: LHB Elliott Newell
|
0-0: Ball 1-0: Called Strike 1-1: Ball 2-1: Grounds into double play, 1-4-3 (Groundball, 15)
|
Bottom of the 4th over - 1 run(s), 2 hit(s), 0 error(s), 0 left on base; Pocatello 2 - Springfield 1 |
TOP OF THE 5TH |
Pocatello Boccabellas batting - Pitching for Springfield Stars : LHP Jorge Aybar
|
Batting: RHB José Delgado
|
0-0: Ball 1-0: Ball 2-0: Fly out, F8 (Flyball, 8LM)
|
Batting: LHB Norberto Muńóz
|
0-0: Ball 1-0: Ball 2-0: Called Strike 2-1: Fly out, F8 (Flyball, 8LD)
|
Batting: RHB Marlon Phipps
|
0-0: Called Strike 0-1: Foul Ball, location: 2F 0-2: Fly out, F8 (Flyball, 8RM)
|
Top of the 5th over - 0 run(s), 0 hit(s), 0 error(s), 0 left on base; Pocatello 2 - Springfield 1 |
BOTTOM OF THE 5TH |
Springfield Stars batting - Pitching for Pocatello Boccabellas : RHP Kiyomitsu Fujii
|
Batting: RHB Juan Carlos Rodríguez
|
0-0: Ball 1-0: Called Strike 1-1: Swinging Strike 1-2: Foul Ball, location: 2F 1-2: SINGLE (Flyball, 8LS)
|
Batting: SHB Shane Hutchinson
|
0-0: Ball 1-0: Ball 2-0: Foul Ball, location: 2F 2-1: SINGLE (Groundball, 6MD) Juan Carlos Rodríguez to second
|
Batting: RHB Alberto Campos
|
0-0: Fly out, F7 (Flyball, 7LD)
|
Batting: LHB Jesús Tobías
|
0-0: Called Strike 0-1: Ball 1-1: Ball 2-1: Fly out, F7 (Popup, 6D)
|
Batting: RHB Norberto Taváres
|
0-0: Ball 1-0: Ball 2-0: Ball 3-0: Called Strike 3-1: Base on Balls Juan Carlos Rodríguez to third Shane Hutchinson to second
|
Batting: RHB Calvin Bennett
|
0-0: Foul Ball, location: 2F 0-1: Swinging Strike 0-2: Fly out, F9 (Flyball, 9S)
|
Bottom of the 5th over - 0 run(s), 2 hit(s), 0 error(s), 3 left on base; Pocatello 2 - Springfield 1 |
TOP OF THE 6TH |
Pocatello Boccabellas batting - Pitching for Springfield Stars : LHP Jorge Aybar
|
Batting: LHB Juan Cortés
|
0-0: Ball 1-0: Called Strike 1-1: TRIPLE (Flyball, 78D)
|
Pitching: RHP Ramón Vélez
|
|
Batting: RHB Francisco Sandoval
|
0-0: Intentional Walk
|
Batting: RHB Pedro Guzmán
|
0-0: Ball 1-0: Ball Francisco Sandoval is caught stealing 2nd base 2-0: Swinging Strike 2-1: Foul Ball, location: 2F 2-2: Ball 3-2: Strikes out swinging
|
Batting: SHB Glenn Vadnais
|
0-0: Ground out 6-3 (Groundball, 6)
|
Top of the 6th over - 0 run(s), 1 hit(s), 0 error(s), 1 left on base; Pocatello 2 - Springfield 1 |
BOTTOM OF THE 6TH |
Springfield Stars batting - Pitching for Pocatello Boccabellas : RHP Kiyomitsu Fujii
|
Batting: LHB Derek Davidson
|
0-0: Ball 1-0: Fly out, F4 (Popup, 3D)
|
Batting: RHB Juan Rodríguez
|
0-0: Foul Ball, location: 2F 0-1: Ball 1-1: Ground out 4-3 (Groundball, 4M)
|
Batting: LHB Elliott Newell
|
0-0: Foul Ball, location: 2F 0-1: Called Strike 0-2: Foul Ball, location: 2F 0-2: Ball 1-2: SINGLE (Groundball, 34D)
|
Batting: RHB Juan Carlos Rodríguez
|
0-0: Foul Ball, location: 2F 0-1: Foul Ball, location: 2F 0-2: Ball 1-2: Foul Ball, location: 2F 1-2: Ball 2-2: Foul Ball, location: 2F 2-2: Foul Ball, location: 2F 2-2: Foul Ball, location: 2F 2-2: SINGLE (Groundball, 6MD) Elliott Newell to second Runner from 2nd tries for 3rd, OUT!
|
Bottom of the 6th over - 0 run(s), 2 hit(s), 0 error(s), 1 left on base; Pocatello 2 - Springfield 1 |
TOP OF THE 7TH |
Pocatello Boccabellas batting - Pitching for Springfield Stars : RHP Ramón Vélez
|
Batting: SHB Guillermo Ortíz
|
0-0: Ball 1-0: Swinging Strike 1-1: Called Strike 1-2: Strikes out swinging
|
Pitching: LHP Jeremy Meyer
|
|
Batting: LHB Jim Jensen
|
0-0: Ball 1-0: Foul Ball, location: 2F 1-1: Foul Ball, location: 2F 1-2: Ground out 5-3 (Groundball, 15S)
|
Batting: RHB José Delgado
|
0-0: Foul Ball, location: 2F 0-1: Ground out 1-3 (Groundball, 15)
|
Top of the 7th over - 0 run(s), 0 hit(s), 0 error(s), 0 left on base; Pocatello 2 - Springfield 1 |
BOTTOM OF THE 7TH |
Springfield Stars batting - Pitching for Pocatello Boccabellas : RHP Kiyomitsu Fujii
|
Pitching: RHP César Martínez
|
|
Batting: SHB Shane Hutchinson
|
0-0: Ball 1-0: Ball 2-0: Foul Ball, location: 2F 2-1: Called Strike 2-2: Ball 3-2: Fly out, F9 (Flyball, 9M)
|
Batting: RHB Alberto Campos
|
0-0: Called Strike 0-1: Foul Ball, location: 2F 0-2: Ground out 1-3 (Groundball, 13)
|
Batting: LHB Jesús Tobías
|
0-0: Ball 1-0: Ball 2-0: Called Strike 2-1: Foul Ball, location: 2F 2-2: DOUBLE (Line Drive, 7LS)
|
Batting: RHB Norberto Taváres
|
0-0: Called Strike 0-1: Foul Ball, location: 2F 0-2: Foul Ball, location: 2F 0-2: Ground out 5-3 (Groundball, 56S)
|
Bottom of the 7th over - 0 run(s), 1 hit(s), 0 error(s), 1 left on base; Pocatello 2 - Springfield 1 |
TOP OF THE 8TH |
Pocatello Boccabellas batting - Pitching for Springfield Stars : LHP Jeremy Meyer
|
Pitching: RHP José Valdéz
|
|
Batting: LHB Norberto Muńóz
|
0-0: Swinging Strike 0-1: Swinging Strike 0-2: Ball 1-2: Ground out 4-3 (Groundball, 4)
|
Batting: RHB Marlon Phipps
|
0-0: Called Strike 0-1: Foul Ball, location: 2F 0-2: Foul Ball, location: 2F 0-2: Foul Ball, location: 2F 0-2: Foul Ball, location: 2F 0-2: Strikes out swinging
|
Batting: LHB Juan Cortés
|
0-0: Ball 1-0: Ball 2-0: Ball 3-0: Base on Balls
|
Batting: RHB Francisco Sandoval
|
0-0: Ball 1-0: Called Strike 1-1: Fielders Choice at 2nd, 6-4 (Groundball, 6)
|
Top of the 8th over - 0 run(s), 0 hit(s), 0 error(s), 0 left on base; Pocatello 2 - Springfield 1 |
BOTTOM OF THE 8TH |
Springfield Stars batting - Pitching for Pocatello Boccabellas : RHP César Martínez
|
Pitching: RHP Jaime Espinoza
|
|
Batting: RHB Calvin Bennett
|
0-0: Foul Ball, location: 2F 0-1: Called Strike 0-2: Ball 1-2: Ground out 5-3 (Groundball, 5)
|
Pitching: RHP Jesse Moser
|
|
Batting: LHB Derek Davidson
|
0-0: Foul Ball, location: 2F 0-1: Ball 1-1: Foul Ball, location: 2F 1-2: Ground out U3 (Groundball, 3)
|
Batting: RHB Juan Rodríguez
|
0-0: Ball 1-0: Ball 2-0: Foul Ball, location: 2F 2-1: Ground out 6-3 (Groundball, 6M)
|
Bottom of the 8th over - 0 run(s), 0 hit(s), 0 error(s), 0 left on base; Pocatello 2 - Springfield 1 |
TOP OF THE 9TH |
Pocatello Boccabellas batting - Pitching for Springfield Stars : RHP José Valdéz
|
Batting: RHB Pedro Guzmán
|
0-0: Ball 1-0: Ball 2-0: Foul Ball, location: 2F 2-1: Swinging Strike 2-2: Ground out 6-3 (Groundball, 6)
|
Batting: SHB Glenn Vadnais
|
0-0: Called Strike 0-1: Ball 1-1: Called Strike 1-2: Ball 2-2: Ball 3-2: Ground out 4-3 (Groundball, 34)
|
Batting: SHB Guillermo Ortíz
|
0-0: Ball 1-0: Called Strike 1-1: Called Strike 1-2: Strikes out swinging
|
Top of the 9th over - 0 run(s), 0 hit(s), 0 error(s), 0 left on base; Pocatello 2 - Springfield 1 |
BOTTOM OF THE 9TH |
Springfield Stars batting - Pitching for Pocatello Boccabellas : RHP Jesse Moser
|
Pitching: RHP Adrián Martínez
|
|
Now in LF: David Monahan
|
|
Batting: LHB Elliott Newell
|
0-0: Ball 1-0: Ball 2-0: Called Strike 2-1: Ground out 4-3 (Groundball, 4)
|
Batting: RHB Juan Carlos Rodríguez
|
0-0: Called Strike 0-1: Called Strike 0-2: Foul Ball, location: 2F 0-2: Strikes out swinging
|
Batting: SHB Shane Hutchinson
|
0-0: Ball 1-0: Ball 2-0: Foul Ball, location: 2F 2-1: Foul Ball, location: 2F 2-2: Foul Ball, location: 2F 2-2: Foul Ball, location: 2F 2-2: Ball 3-2: Ground out 6-3 (Groundball, 6M)
|
Bottom of the 9th over - 0 run(s), 0 hit(s), 0 error(s), 0 left on base; Pocatello 2 - Springfield 1 |
|